 Dungeon Crawl Stone Soup version 0.29-a0-857-g9b1aa3ac5b (webtiles) character file.

Game seed: 10833159818749550567

21 reriks the Ducker (level 2, 0/16 HPs)
             Began as a Spriggan Abyssal Knight on July 17, 2022.
             Was a Believer of Lugonu.
             Succumbed to an adder's poison
             ... on level 2 of the Dungeon.
             The game lasted 00:00:58 (1600 turns).

reriks the Ducker (Spriggan Abyssal Knight)         Turns: 1600, Time: 00:00:59

Health: 0/16       AC:  2    Str:  9    XL:     2   Next: 62%
Magic:  4/4        EV: 18    Int: 11    God:    Lugonu [**....]
Gold:   17         SH:  0    Dex: 15    Spells: 1/1 levels left

rFire   . . .      SeeInvis +   a - +1 short sword
rCold   . . .      Faith    .   (no shield)
rNeg    . . .      Spirit   .   b - +0 robe
rPois   .          Reflect  .   (helmet restricted)
rElec   .          Harm     .   (no cloak)
rCorr   .          Rampage  .   (gloves unavailable)
Will    .....                   (boots unavailable)
Stlth   +.........              (no amulet)
HPRegen 0.05/turn               (no ring)
MPRegen 0.09/turn               (no ring)

@: lethally poisoned (0 -> -5), very quick
A: very small, no large weapons, unfitting armour, see invisible, speed 3
a: Renounce Religion, Depart the Abyss, Bend Space


You were on level 2 of the Dungeon.
You worshipped Lugonu.
Lugonu was pleased with you.
You visited 1 branch of the dungeon, and saw 2 of its levels.
You visited the Abyss 1 time.

You collected 17 gold pieces.

Inventory:

Hand Weapons
 a - a +1 short sword (weapon)
Armour
 b - a +0 robe (worn)
Scrolls
 c - a scroll of teleportation {unknown}
 d - a scroll of amnesia {unknown}
 g - a scroll of identify {unknown}
Potions
 e - a potion of lignification {unknown}
 f - a potion of ambrosia {unknown}


   Skills:
 + Level 2.6 Fighting
 + Level 2.6 Short Blades
 + Level 3.6 Dodging
 + Level 2.2 Invocations


You had one spell level left.
You didn't know any spells.
Your spell library contained the following spells:

 Spells                   Type           Power      Damage    Failure   Level
 Confusing Touch          Hex            0%         N/A       71%         3
 Yara's Violent Unravell  Hex/Tmut       0%         3d3       100%        5
 Enfeeble                 Hex            0%         N/A       100%        7


Dungeon Overview and Level Annotations

Branches:
Dungeon (2/15)

Altars:


Innate Abilities, Weirdness & Mutations

You are very small and have problems with some larger weapons.
You are too small for most types of armour.
You have supernaturally acute eyesight. (SInv)
You cover ground extremely quickly. (Speed+++)


Message History

You start waiting.
Done waiting.
Found a stone staircase leading down.
An adder comes into view.
Found a leather armour.
An adder is nearby!
An adder is nearby!
The adder bites you but does no damage.
You hit the adder.
The adder is lightly wounded.
The adder closely misses you.
You barely miss the adder. The adder misses you.
You hit the adder.
The adder is moderately wounded.
The adder bites you.
You are poisoned.
The adder poisons you! The adder misses you.
You hit the adder.
The adder is heavily wounded.
You feel sick. The adder completely misses you.
You hit the adder.
The adder is heavily wounded.
You feel sick. The adder bites you.
You closely miss the adder.
The adder is heavily wounded.
You feel sick. The adder bites you.
* * * LOW HITPOINT WARNING * * *
You are lethally poisoned!
The adder poisons you!
You miss the adder.
The adder is heavily wounded.
* * * LOW HITPOINT WARNING * * *
You feel sick. The adder closely misses you. x2
You barely miss the adder.
The adder is heavily wounded.
* * * LOW HITPOINT WARNING * * *
You feel sick. The adder completely misses you.
You closely miss the adder.
The adder is heavily wounded.
You die...

+......# #......#
#......#
##########......#
#...........#######
#.#########........
#.# #.......#.....
#.# #.......#....#
#.# #..@....#....# #
#.#
#.S.[...#....###..#
#.#
#.......+....<....#
#.#
#.......#....####.##
#.#
#.......+...........
#.#
#.......#######.####
#.#
#.......#######.#.#
#.#
#.......#.....#...##
#.# #+# #.###.#.....


You could see an adder.

Vanquished Creatures
  4 bats
  A giant cockroach (D:1)
  2 hobgoblins (D:1)
  3 jackals (D:2)
  2 quokkas
  3 ball pythons (D:1)
  2 kobolds (D:1)
17 creatures vanquished.

Notes
Turn   | Place    | Note
-------+----------+-------------------------------------------
     0 | Abyss:1  | reriks the Spriggan Abyssal Knight began the quest for the
                  | Orb.
     0 | Abyss:1  | Reached XP level 1. HP: 11/11 MP: 3/3
     1 | D:1      | Escaped the Abyss
   594 | D:1      | Reached XP level 2. HP: 16/16 MP: 4/4
   977 | D:1      | Found a faded altar of an unknown god.
  1600 | D:2      | Succumbed to an adder's poison

Illustrated notes

Levels and vault maps discovered:
D:1:      minmay_arrival_four_circles, layout_basic,
          shapermc_ecumenical_altar_notcrosses, kennysheep_nondescript,
          nrook_campfire, chequers_serial_rivers_small_3,
          minmay_stone_trees_small, grunt_decor_one_mirror
D:2:      minmay_general_purpose_star, layout_basic, basic_altar,
          kennysheep_generic_room_9

Skill      XL: |  1 |
---------------+----+-----
Invocations    | 2 |  2.2
Fighting       | |  2.6
Short Blades   | |  2.6
Dodging        | |  3.6

Action                   || total
-------------------------++-------
Melee: Short sword       ||    72
Armor: Robe              ||     9
Dodge: Dodged            ||    64

Table legend: (Time is in decaauts)
 A = Elapsed time spent in this place.
 B = Non-inter-level travel time spent in this place.
 C = Inter-level travel time spent in this place.
 D = Time resting spent in this place.
 E = Time spent auto-exploring this place.
 F = Levels seen in this place.
 G = Mean time per level.
                   A        B        C        D        E       F      G
               +--------+--------+--------+--------+--------+-----+--------+
         Total |   1232 |   1224 |      8 |    500 |    593 |   3 |  410.7 |
       Dungeon |   1231 |   1223 |      8 |    500 |    593 |   2 |  615.5 |
         Abyss |      1 |      1 |      0 |      0 |      0 |   1 |    1.0 |
               +--------+--------+--------+--------+--------+-----+--------+

Top non-repeatable levels by time:
     D:1: 844 daAuts
     D:2: 386 daAuts
 Abyss:1: 1 daAuts
